 Dungeon Crawl Stone Soup version 0.28-a0-691-gad6df49e81 (webtiles) character file.

Game seed: 12912551136882424127

269290 snetch the Slayer (level 19, -4/256 HPs)
             Began as a Minotaur Berserker on Oct 14, 2021.
             Was a High Priest of Trog.
             Slain by an acid blob (24 damage)
             ... created by the Royal Jelly
             ... on level 4 of the Pits of Slime on Oct 20, 2021.
             The game lasted 03:14:02 (36708 turns).

snetch the Slayer (Minotaur Berserker)             Turns: 36708, Time: 03:14:05

Health: -4/256     AC: 41    Str: 29    XL:     19   Next: 40%
Magic:  12/25      EV:  9    Int:  4    God:    Trog [*****.]
Gold:   2632       SH: 13    Dex: 14    Spells: 18/18 levels left

rFire   + . .      SeeInvis .   a - +8 mithril axe "Arga" {speed, Will+}
rCold   . . .      Faith    .   O - +0 kite shield
rNeg    . . .      Spirit   .   f - +7 crystal plate armour
rPois   .          Reflect  .   G - +2 hat
rElec   .          Harm     .   K - +0 cloak
rCorr   +          Rampage  .   C - +2 pair of gloves {Stlth+}
Will    ++...                   (no boots)
Stlth   ..........              I - amulet of Vitality {Regen+ HP+15}
HPRegen 0.00/turn               p - ring of Cili {rF+ MP+9 Dex+3 Stlth+}
MPRegen 0.19/turn               m - ring "Fis Gigise" {rCorr Slay+6}

@: berserking, engulfed (cannot breathe), inhibited regen, very quick
A: horns 2, retaliatory headbutt, frail 2, low mp 1, inhibited regeneration
}: 2/15 runes: barnacled, gossamer
a: Renounce Religion, Berserk, Trog's Hand, Brothers in Arms


You were on level 4 of the Pits of Slime.
You worshipped Trog.
Trog was extremely pleased with you.
You visited 6 branches of the dungeon, and saw 35 of its levels.
You also visited: Gauntlet, Ice Cave and Volcano.

You collected 2869 gold pieces.
You spent 237 gold pieces at shops.

Inventory:

Hand Weapons
 a - the +8 mithril axe "Arga" (weapon) {speed, Will+}
   (You found it on level 5 of the Lair of Beasts)

   Attacks with this weapon are significantly faster.
   Will:      It increases your willpower.
 b - the +2 Maxwell's thermic engine {flame, freeze}
   (You found it in an ice cave)

   It burns those it strikes, dealing additional fire damage.
   Big, fiery blades are also staple armaments of hydra-hunters.
   It freezes those it strikes, dealing additional cold damage.
   It can also slow down cold-blooded creatures.
   It becomes more effective when it hits something.
   This effect fades over time.
Missiles
 c - 8 curare-tipped darts
 d - 2 atropa-tipped darts
 e - 105 poisoned darts
 j - 9 throwing nets
 s - 23 boomerangs
 N - 7 javelins
 T - 11 silver javelins (quivered)
 X - 4 datura-tipped darts
Armour
 f - a +7 crystal plate armour (worn)
 C - a +2 pair of gloves of stealth (worn)
 G - a +2 hat (worn)
 K - a +0 cloak (worn)
 O - a +0 kite shield (worn)
Jewellery
 m - the ring "Fis Gigise" (right hand) {rCorr Slay+6}
   (You found it on level 1 of the Shoals)

   [ring of resist corrosion]

   Slay:      It affects your accuracy & damage with ranged weapons and melee
   (+6).
   rCorr:     It protects you from acid and corrosion.
 p - the ring of Cili (left hand) {rF+ MP+9 Dex+3 Stlth+}
   (You found it in a Gauntlet)

   [ring of magical power]

   Dex:       It affects your dexterity (+3).
   rF:        It protects you from fire.
   MP:        It affects your magic capacity (+9).
   Stlth:     It makes you more stealthy.
 q - a ring of flight
 I - the amulet of Vitality (around neck) {Regen+ HP+15}
   (You found it on level 5 of the Lair of Beasts)

   [amulet of regeneration]

   HP:        It affects your health (+15).
   Regen:     It increases your rate of health regeneration.
Wands
 k - a wand of acid (12)
 t - a wand of digging (13)
 u - a wand of iceblast (40)
 w - a wand of mindburst (11)
 H - a wand of charming (9)
 L - a wand of paralysis (50)
 M - a wand of polymorph (20)
 S - a wand of flame (28)
Scrolls
 g - 3 scrolls of fog
 o - 7 scrolls of immolation
 v - a scroll of blinking
 x - 10 scrolls of teleportation
 z - a scroll of holy word
 B - 11 scrolls of fear
 P - 6 scrolls of vulnerability
 Q - 2 scrolls of torment
 W - 5 scrolls of magic mapping
 Z - 3 scrolls of summoning
Potions
 h - 18 potions of curing
 i - 5 potions of attraction
 l - 3 potions of lignification
 n - 10 potions of ambrosia
 r - 3 potions of cancellation
 A - 2 potions of invisibility
 D - a potion of might
 E - 4 potions of mutation
 F - 3 potions of resistance
 J - 4 potions of haste
 U - 5 potions of heal wounds
Miscellaneous
 y - a condenser vane
 R - a lightning rod (4/4)
 V - a piece from Xom's chessboard (15/15)
 Y - a phantom mirror


   Skills:
 + Level 23.3 Fighting
 - Level 14.8(18.0) Axes
 - Level 12.1(15.1) Maces & Flails
 - Level 12.1(15.1) Polearms
 + Level 6.2 Throwing
 + Level 20.6 Armour
 + Level 6.0 Dodging
 + Level 6.1 Stealth
 - Level 15.0 Shields
 + Level 4.2 Evocations


You had 18 spell levels left.
You didn't know any spells.
Your spell library contained the following spells:

 Spells                   Type           Power      Damage    Failure   Level
 Animate Skeleton         Necr           0%         N/A       99%         1
 Apportation              Tloc           0%         N/A       99%         1
 Foxfire                  Conj/Fire      0%         2x1d4     99%         1
 Shock                    Conj/Air       0%         1d3       99%         1
 Sting                    Tmut/Pois      0%         1d3       99%         1
 Summon Small Mammal      Summ           0%         N/A       99%         1
 Blink                    Tloc           N/A        N/A       100%        2
 Slow                     Hex            0%         N/A       100%        2
 Sublimation of Blood     Necr           0%         N/A       100%        2
 Wereblood                Tmut           0%         N/A       100%        2
 Call Canine Familiar     Summ           0%         N/A       100%        3
 Confusing Touch          Hex            0%         N/A       100%        3
 Conjure Flame            Conj/Fire      0%         6-21      100%        3
 Dazzling Flash           Conj/Hex       0%         N/A       100%        3
 Frozen Ramparts          Ice            0%         1d2       100%        3
 Gell's Gravitas          Tloc           0%         N/A       100%        3
 Ignite Poison            Fire/Tmut/Pois 0%         N/A       100%        3
 Lesser Beckoning         Tloc           0%         N/A       100%        3
 Mephitic Cloud           Conj/Pois/Air  0%         N/A       100%        3
 Ozocubu's Armour         Ice            0%         N/A       100%        3
 Portal Projectile        Hex/Tloc       0%         N/A       100%        3
 Swiftness                Air            0%         N/A       100%        3
 Teleport Other           Tloc           0%         N/A       100%        3
 Vampiric Draining        Necr           0%         2d6       100%        3
 Airstrike                Air            0%         N/A       100%        4
 Animate Armour           Summ/Erth      0%         N/A       100%        4
 Hailstorm                Conj/Ice       0%         3d3       100%        4
 Ice Form                 Ice/Tmut       0%         N/A       100%        4
 Leda's Liquefaction      Hex/Erth       0%         N/A       100%        4
 Petrify                  Tmut/Erth      0%         N/A       100%        4
 Sticky Flame             Conj/Fire      0%         2d3       100%        4
 Summon Ice Beast         Ice/Summ       0%         N/A       100%        4
 Agony                    Necr           0%         N/A       100%        5
 Alistair's Intoxication  Tmut/Pois      0%         N/A       100%        5
 Blade Hands              Tmut           0%         N/A       100%        5
 Excruciating Wounds      Necr           0%         N/A       100%        5
 Fireball                 Conj/Fire      0%         3d3       100%        5
 Irradiate                Conj/Tmut      0%         3d13      100%        5
 Iskenderun's Battlesphe  Conj           0%         2d6       100%        5
 Lee's Rapid Deconstruct  Erth           0%         3d5*      100%        5
 Manifold Assault         Tloc           0%         N/A       100%        5
 Silence                  Hex/Air        0%         N/A       100%        5
 Summon Forest            Summ/Tloc      0%         N/A       100%        5
 Yara's Violent Unravell  Hex/Tmut       0%         3d3       100%        5
 Conjure Ball Lightning   Conj/Air       0%         3x3d6     100%        6
 Eringya's Noxious Bog    Tmut/Pois      0%         N/A       100%        6
 Iron Shot                Conj/Erth      0%         9d1       100%        6
 Simulacrum               Ice/Necr       0%         N/A       100%        6
 Statue Form              Tmut/Erth      0%         N/A       100%        6
 Orb of Destruction       Conj           0%         N/A       100%        7
 Ozocubu's Refrigeration  Ice            0%         4d5       100%        7
 Spellforged Servitor     Conj/Summ      0%         N/A       100%        7
 Storm Form               Tmut/Air       0%         N/A       100%        7
 Summon Hydra             Summ           0%         N/A       100%        7


Dungeon Overview and Level Annotations

Branches:
Dungeon (15/15)            Temple (1/1) D:6            Lair (6/6) D:10
 Shoals (4/4) Lair:2       Spider (4/4) Lair:2        Slime (5/5) Lair:5
    Orc (0/2) D:11         Vaults (0/5) D:14         Depths (0/4) D:15
  IceCv (visited)         Volcano (visited)         Gauntlet (visited)

Altars:
Ashenzari
Cheibriados
Dithmenos
Elyvilon
Fedhas
Gozag
Hepliaklqana
Kikubaaqudgha
Makhleb
Nemelex Xobeh
Okawaru
Qazlal
Ru
Sif Muna
Trog
Uskayaw
Vehumet
Wu Jian
Xom
Yredelemnul
Zin
The Shining One
Jiyva

Shops:
D:4 [   D:6 (   D:7 =   D:14 (?(   D:15 ?

Annotations:
D:9 water
Lair:2 water
Slime:5 Royal Jelly


Innate Abilities, Weirdness & Mutations

You have a pair of horns on your head.
You reflexively headbutt those who attack you in melee.
You are very frail. (-20% HP)
Your magical capacity is low. (-10% MP)
You do not regenerate when monsters are visible.


Message History

You block the quicksilver ooze's attack.
The quicksilver ooze hits you but does no damage.
You climb upwards.
You gasp with relief as air once again reaches your lungs.
There is a stone staircase leading down here.
A red film seems to cover your vision as you go berserk!
You feel yourself moving faster!
You feel mighty! The quicksilver ooze hits you.
* * * LOW HITPOINT WARNING * * *
The quicksilver ooze engulfs you!
You block the quicksilver ooze's attack.
The azure jelly closely misses you. You furiously retaliate!
You headbutt the azure jelly!
The azure jelly hits you but does no damage. x2
You block the azure jelly's attack. The quicksilver ooze hits you.
The quicksilver ooze hits you but does no damage.
The quicksilver ooze hits you.
The quicksilver ooze hits you but does no damage.
The acid blob hits you but does no damage.
You block the quicksilver ooze's attack.
The quicksilver ooze hits you but does no damage.
The azure jelly barely misses you. The azure jelly hits you.
* * * LOW HITPOINT WARNING * * *
The azure jelly freezes you!!!
* * * LOW HITPOINT WARNING * * *
The azure jelly closely misses you. You block the azure jelly's attack.
You slice the acid blob!!
Your hands burn!
* * * LOW HITPOINT WARNING * * *
The acid blob is almost dead.
You slice the quicksilver ooze!! You slash the azure jelly!
You slash the quicksilver ooze! You slice the quicksilver ooze!!
* * * LOW HITPOINT WARNING * * *
Your lungs strain for air!
The quicksilver ooze barely misses you. The quicksilver ooze hits you.
* * * LOW HITPOINT WARNING * * *
You feel your power leaking away. The quicksilver ooze hits you.
You block the quicksilver ooze's attack.
The acid blob hits you!!
You die...

###...........<..##......
##.#.....#........###.....
#.....>..###......##......
#.........####.....##....#
#######.......######.....#...##
##..#..##...........##.......##
#..........#.........#...#..##
##.........#..J.J............##
##....#.......@J.#.#.........#
##..........JJ...#.........##
###...#...........##.#.....##
##.#....#..#........#.#.#....##
#.............................#
#.......................##....#
##..#...................###...##
###.................#.####....#
##.#........#.....#..#.....##


You could see an acid blob, an azure jelly and 3 quicksilver oozes.

Vanquished Creatures
  21 acid blobs
  A kraken (Shoals:4)
  Polyphemus (Shoals:3)
  Agnes (Spider:1)
  6 azure jellies
  Roxanne (Spider:4)
  Donald (Slime:4)
  11 rockslimes
  A frost giant (Shoals:4)
  An ironbound preserver (D:14)
  4 ghost moths
  7 emperor scorpions
  5 quicksilver oozes
  Azrael (D:13)
  A dire elephant (D:15)
  2 entropy weavers
  A minotaur (Gauntlet)
  6 spark wasps
  2 merfolk javelineers (Shoals:4)
  5 great orbs of eyes
  14 merfolk impalers
  10 hydras
  2 ice dragons (Shoals:1)
  7 boulder beetles
  2 alligator snapping turtles (Shoals:4)
  An ogre mage (D:13)
  A catoblepas (Shoals:3)
  2 merfolk avatars
  4 merfolk aquamancers (Shoals:4)
  7 two-headed ogres
  8 centaur warriors
  2 ironbound frosthearts (IceCv)
  A tengu warrior (D:14)
  7 death yaks
  A satyr (Shoals:3)
  7 death scarabs (Spider:4)
  A fire crab (shapeshifter) (Gauntlet)
  16 sea snakes
  A glowing orange brain (Slime:2)
  A glowing orange brain (shapeshifter) (Gauntlet)
  A goliath frog (Lair:6)
  3 bog bodies (Shoals:1)
  2 wizards (D:15)
  2 deep elf pyromancers
  A spectral wolf spider (Spider:4)
  2 orc knights (D:15)
  14 orb spiders
  2 wolf spider zombies (Spider:4)
  6 cyclopes
  13 harpies
  25 wolf spiders
  A salamander (D:15)
  9 ugly things
  16 manticores
  10 fauns
  5 shining eyes
  3 moths of wrath
  4 merfolk sirens
  Joseph (D:8)
  18 cane toads
  2 ice statues
  7 water nymphs
  2 black mambas
  3 gargoyles
  3 torpor snails
  3 eyes of devastation
  A molten gargoyle (Volcano)
  14 komodo dragons
  An unseen horror (D:12)
  A rime drake (shapeshifter) (Gauntlet)
  A yaktaur (D:13)
  3 rime drakes
  2 efreet (D:14)
  An ice devil (Lair:2)
  2 spectral redbacks (Spider:4)
  4 meliai
  10 demonic crawlers
  A queen bee (Lair:2)
  A queen bee (shapeshifter) (D:15)
  4 spectral tarantellas (Spider:4)
  5 wind drakes
  21 polar bears
  2 trolls (D:14)
  22 jumping spiders
  13 hornets
  60 slime creatures
  38 merfolk
  3 tyrant leeches (Lair:6)
  A spectral jumping spider (Spider:4)
  A tarantella zombie (Spider:4)
  4 dream sheep (Shoals:4)
  6 snapping turtles
  26 blink frogs
  2 centaur simulacra (Gauntlet)
  44 redbacks
  A vampire (D:9)
  2 shadows
  34 tarantellas
  18 water elementals
  5 fire elementals
  64 yaks
  2 spriggans (shapeshifter)
  3 wraiths
  4 wyverns
  A hog (D:14)
  4 basilisks
  14 vampire mosquitoes
  14 golden eyes
  A basilisk (shapeshifter) (D:14)
  A steam dragon (Lair:5)
  A warg (D:15)
  3 swamp worms (Gauntlet)
  13 water moccasins
  An acid dragon (D:10)
  5 hell hounds
  2 spectral hornets (Spider:4)
  9 orc warriors
  8 ice beasts
  2 black bears
  An ice beast (shapeshifter) (D:13)
  An ogre (D:7)
  A black bear (shapeshifter) (D:14)
  21 wolves
  13 centaurs
  2 kobold brigands (D:10)
  20 bullfrogs
  3 gnoll sergeants
  A scorpion (D:5)
  30 killer bees
  4 wights
  5 electric eels
  5 howler monkeys
  5 centaur zombies
  2 hounds
  2 bullfrog zombies (D:6)
  2 bullfrog skeletons
  Crazy Yiuf (D:7)
  A wyvern simulacrum (Gauntlet)
  4 jellies
  A gnoll shaman (D:5)
  Terence (D:2)
  Natasha (thrice) (D:2)
  6 iguanas
  12 orc wizards
  Robin (D:3)
  4 howler monkey zombies
  15 gnolls
  A howler monkey skeleton (D:7)
  6 adders
  A white imp (Lair:2)
  An ufetubus (D:6)
  An adder zombie (D:5)
  4 dart slugs
  23 orcs
  7 bats
  8 endoplasms
  3 giant cockroaches
  22 goblins
  12 hobgoblins
  13 jackals
  5 quokkas
  11 ball pythons
  4 frilled lizards
  16 kobolds
  8 rats
  A spectral orc (D:4)
  3 bushes (Shoals:1)
  3 tentacles (Shoals:4)
1158 creatures vanquished.

Vanquished Creatures (collateral kills)
  An emperor scorpion (Spider:4)
  The ghost of Peamost the Slicer, a journeyman VSFi of Uskayaw (Lair:2)
  A spark wasp (Spider:4)
  A catoblepas (D:13)
  3 centaur warriors (D:13)
  A hydra (D:13)
  A two-headed ogre (D:13)
  An ogre mage (D:13)
  A tengu warrior (D:13)
  A death scarab (Spider:4)
  A death yak (Shoals:3)
  A spectral emperor scorpion (Spider:4)
  A deep elf pyromancer (D:13)
  A wolf spider (Spider:4)
  A deep elf zephyrmancer (D:13)
  An ugly thing (D:13)
  A manticore (D:13)
  A cyclops (D:13)
  A spectral redback (Spider:4)
  A demonic crawler (Spider:4)
  A redback zombie (Spider:4)
  2 trolls (D:13)
  2 jumping spiders (Spider:4)
  2 merfolk (Shoals:3)
  A hornet (D:13)
  A jumping spider zombie (Spider:4)
  A blink frog (shapeshifter) (D:13)
  A spectral tarantella (Spider:4)
  A tarantella zombie (Spider:4)
  A wraith (D:13)
  A centaur simulacrum (D:13)
  A redback (Spider:4)
  A boggart (D:13)
  2 killer bees (Lair:2)
40 creatures vanquished.

Vanquished Creatures (others)
  Kirke (D:14)
  A merfolk aquamancer (Shoals:4)
  An orb spider (Spider:2)
  An unseen horror (D:13)
  A vampire mosquito (D:13)
  A gnoll (D:9)
  18 fungi
  114 plants
  3 tentacles (Shoals:4)
141 creatures vanquished.

Grand Total: 1339 creatures vanquished

Notes
Turn   | Place    | Note
-------+----------+-------------------------------------------
     0 | D:1      | snetch the Minotaur Berserker began the quest for the Orb.
     0 | D:1      | Reached XP level 1. HP: 19/19 MP: 0/0
    33 | D:1      | Reached skill level 4 in Fighting
    37 | D:1      | Reached XP level 2. HP: 5/27 MP: 1/1
   295 | D:2      | Noticed Natasha
   299 | D:2      | Killed Natasha
   300 | D:2      | Reached XP level 3. HP: 34/34 MP: 2/2
   411 | D:1      | Reached ** piety under Trog
   664 | D:1      | Reached XP level 4. HP: 40/41 MP: 3/3
   829 | D:2      | Noticed Natasha
   838 | D:2      | Killed Natasha
   839 | D:2      | Reached skill level 5 in Axes
  1175 | D:2      | Noticed Natasha
  1180 | D:2      | Reached *** piety under Trog
  1185 | D:2      | Killed Natasha
  1186 | D:2      | Reached XP level 5. HP: 27/47 MP: 4/4
  1559 | D:3      | Noticed Robin
  1570 | D:3      | Killed Robin
  1665 | D:2      | Noticed Terence
  1678 | D:2      | Killed Terence
  2223 | D:3      | Reached skill level 5 in Fighting
  2703 | D:4      | Reached **** piety under Trog
  2704 | D:4      | Reached XP level 6. HP: 51/56 MP: 5/5
  2708 | D:4      | Reached skill level 1 in Polearms
  3193 | D:3      | Found a faded altar of an unknown god.
  3286 | D:5      | Entered Level 5 of the Dungeon
  3668 | D:4      | Found Zin's Purification Station.
  3675 | D:4      | Found a glowing silver altar of Zin.
  3678 | D:4      | Bought a potion of curing for 90 gold pieces
  3727 | D:4      | Found Isumow's Antique Armour Boutique.
  4058 | D:4      | Found a hazy altar of Hepliaklqana.
  4540 | D:5      | Reached XP level 7. HP: 61/61 MP: 6/6
  4959 | D:5      | Reached skill level 1 in Maces & Flails
  5591 | D:6      | Found a staircase to the Ecumenical Temple.
  5596 | Temple   | Entered the Ecumenical Temple
  5702 | D:6      | Identified the amulet "Taijuoc" {Regen+ Int+3 Dex+4}
  5772 | D:6      | Reached skill level 6 in Fighting
  5772 | D:6      | Reached skill level 5 in Armour
  5772 | D:6      | Reached XP level 8. HP: 64/70 MP: 7/7
  5835 | D:6      | Reached skill level 1 in Throwing
  5859 | D:6      | Found a broken altar of Ashenzari.
  5965 | D:6      | Found Hisin's Antique Weapon Boutique.
  6212 | D:7      | Found a sacrificial altar of Ru.
  6302 | D:7      | Reached skill level 5 in Maces & Flails
  6360 | D:7      | Reached ***** piety under Trog
  6405 | D:7      | Found a runed translucent door.
  6406 | D:7      | Noticed Crazy Yiuf
  6416 | D:7      | Killed Crazy Yiuf
  6490 | D:7      | Found a stormy altar of Qazlal.
  6659 | D:7      | Found Taaweedgh's Jewellery Shop.
  6906 | D:8      | Reached XP level 9. HP: 78/78 MP: 8/8
  7233 | D:8      | Noticed Joseph
  7245 | D:8      | Killed Joseph
  7295 | D:9      | Reached skill level 7 in Fighting
  7390 | D:9      | Reached skill level 1 in Stealth
  7503 | D:8      | Identified the +2 scale mail "Loconkug" {Int+4}
  8031 | D:8      | Reached XP level 10. HP: 49/86 MP: 9/9
  8089 | D:8      | Reached skill level 8 in Fighting
  8446 | D:10     | Entered Level 10 of the Dungeon
  8446 | D:10     | Noticed a two-headed ogre
  8453 | D:10     | Killed a two-headed ogre
  8454 | D:10     | Reached skill level 10 in Maces & Flails
  8550 | D:9      | Noticed a two-headed ogre
  8560 | D:9      | Killed a two-headed ogre
  8563 | D:9      | Received a gift from Trog
  8704 | D:9      | Noticed a cyclops
  8722 | D:9      | Killed a cyclops
  8723 | D:9      | Reached skill level 9 in Fighting
  8821 | D:9      | Found a shadowy altar of Dithmenos.
  8821 | D:9      | Found a blossoming altar of Fedhas.
  9071 | D:10     | Reached skill level 10 in Armour
  9134 | D:10     | Reached XP level 11. HP: 74/97 MP: 10/10
  9584 | D:10     | Found a radiant altar of Vehumet.
  9627 | D:10     | Found a staircase to the Lair.
 10013 | D:10     | Noticed a two-headed ogre
 10024 | D:10     | Reached skill level 5 in Dodging
 10028 | D:10     | Killed a two-headed ogre
 10029 | D:10     | Reached skill level 10 in Fighting
 10029 | D:10     | Reached skill level 1 in Shields
 10095 | D:10     | Paralysed by a hornet for 1 turns
 10276 | D:11     | Noticed a six-headed hydra
 10283 | D:11     | Killed a six-headed hydra
 10351 | D:11     | Noticed a deep elf pyromancer
 10364 | D:11     | Killed a deep elf pyromancer
 10435 | D:12     | Noticed a centaur warrior
 10620 | D:11     | Found a staircase to the Orcish Mines.
 10780 | D:11     | Noticed a two-headed ogre
 10790 | D:11     | Killed a two-headed ogre
 10791 | D:11     | Reached XP level 12. HP: 73/108 MP: 11/11
 10838 | D:11     | Reached skill level 10 in Axes
 11149 | D:12     | Received a gift from Trog
 11309 | D:11     | Reached skill level 11 in Fighting
 11362 | D:12     | Killed a centaur warrior
 11521 | D:12     | Noticed a boulder beetle
 11655 | D:12     | Killed a boulder beetle
 11811 | D:12     | Reached skill level 5 in Shields
 11819 | D:13     | Noticed a centaur warrior
 11877 | D:13     | Killed a centaur warrior
 11948 | D:12     | Noticed a boulder beetle
 11975 | D:12     | Killed a boulder beetle
 12110 | D:12     | Noticed a two-headed ogre
 12120 | D:12     | Killed a two-headed ogre
 12385 | D:13     | Noticed a tengu warrior
 12385 | D:13     | Noticed a centaur warrior
 12385 | D:13     | Noticed a centaur warrior
 12385 | D:13     | Noticed a catoblepas
 12385 | D:13     | Noticed an ogre mage
 12387 | D:13     | Noticed a two-headed ogre
 12388 | D:13     | Noticed a four-headed hydra
 12390 | D:13     | Noticed an ogre mage
 12394 | D:13     | Killed a centaur warrior
 12396 | D:13     | Killed a four-headed hydra
 12397 | D:13     | Reached skill level 12 in Fighting
 12397 | D:13     | Killed an ogre mage
 12398 | D:13     | Killed a two-headed ogre
 12399 | D:13     | Killed a tengu warrior
 12402 | D:13     | Noticed a centaur warrior
 12404 | D:13     | Killed an ogre mage
 12405 | D:13     | Reached XP level 13. HP: 118/118 MP: 12/12
 12676 | D:13     | Identified the +0 chain mail "Saunkese" {rPois Dex+2}
 12845 | D:13     | Reached skill level 5 in Throwing
 13079 | D:14     | Received a gift from Trog
 13174 | D:14     | Noticed Kirke
 13205 | D:14     | Killed Kirke
 13206 | D:14     | Reached skill level 5 in Polearms
 13286 | D:14     | Found Vomna's Antique Weapon Shoppe.
 13299 | D:14     | Reached skill level 13 in Fighting
 13359 | D:14     | Found Lieff's Magic Scroll Shop.
 13369 | D:14     | Bought a scroll of fear for 52 gold pieces
 13369 | D:14     | Bought a scroll of noise for 15 gold pieces
 13421 | D:14     | Noticed Azrael
 13426 | D:14     | Found a gate to the Vaults.
 13426 | D:14     | Noticed an ironbound preserver
 13522 | D:13     | Killed Azrael
 13581 | D:14     | Killed an ironbound preserver
 13615 | D:14     | Reached XP level 14. HP: 104/129 MP: 4/13
 13732 | D:14     | Upgraded the game from 0.28-a0-657-g71136c5590 to
                  | 0.28-a0-662-g1651b1f1e0
 13782 | D:14     | Found Rofriz's Antique Weapon Boutique.
 14120 | D:15     | Entered Level 15 of the Dungeon
 14406 | D:15     | Identified the +2 robe "Yrgh" {rN+}
 14657 | D:15     | Reached skill level 10 in Shields
 14706 | D:15     | Found a staircase to the Depths.
 15170 | D:15     | Found Bihorchae's Magic Scroll Shoppe.
 15178 | D:15     | Bought a scroll of teleportation for 48 gold pieces
 15178 | D:15     | Bought a scroll of identify for 32 gold pieces
 15498 | Lair:1   | Entered Level 1 of the Lair of Beasts
 15615 | Lair:2   | Found a staircase to the Shoals.
 16436 | Lair:2   | Found a hole to the Spider Nest.
 16555 | Lair:3   | Reached skill level 10 in Polearms
 16594 | Lair:3   | Found a dark tunnel.
 16623 | Volcano  | Entered a volcano
 17814 | Lair:2   | Reached ****** piety under Trog
 17832 | Lair:2   | Reached skill level 14 in Fighting
 18310 | Lair:2   | Found a transporter.
 18312 | Lair:2   | Found a transporter.
 18313 | Lair:2   | Noticed Peamost's ghost (journeyman VSFi)
 18343 | Lair:2   | Upgraded the game from 0.28-a0-662-g1651b1f1e0 to
                  | 0.28-a0-664-gc179e30c89
 18460 | Lair:2   | Reached skill level 15 in Armour
 18796 | Lair:2   | Received a gift from Trog
 18803 | Lair:2   | Killed Peamost's ghost
 18833 | Lair:2   | Identified the +6 quarterstaff of Domination {antimagic,
                  | rPois rC+ Will+}
 19393 | Lair:4   | Found a gate leading to a gauntlet.
 19417 | Gauntlet | Entered a Gauntlet
 19417 | Gauntlet | Found a transporter.
 19417 | Gauntlet | Found a transporter.
 19417 | Gauntlet | Found a transporter.
 19418 | Gauntlet | Found a transporter.
 19419 | Gauntlet | Found a transporter.
 19422 | Gauntlet | Found a transporter.
 19443 | Gauntlet | Found a transporter.
 19444 | Gauntlet | Found a transporter.
 19446 | Gauntlet | Found a transporter.
 19446 | Gauntlet | Found a transporter.
 19461 | Gauntlet | Noticed a cacodemon
 19467 | Gauntlet | Found a transporter.
 19475 | Gauntlet | Found a transporter.
 19634 | Gauntlet | Identified the ring of Cili {rF+ MP+9 Dex+3 Stlth+}
 19705 | Gauntlet | Identified the +9 short sword of Forced Transition {pain,
                  | rElec rF+}
 19817 | Lair:4   | Reached XP level 15. HP: 125/138 MP: 5/14
 19826 | Lair:4   | Found a frozen archway.
 19866 | IceCv    | Entered an ice cave
 20113 | IceCv    | Identified the +7 rapier of Juihiohe {vorpal, rPois rF+
                  | Will+}
 20438 | IceCv    | Received a gift from Trog
 20516 | IceCv    | Found the +2 Maxwell's thermic engine {flame, freeze}
 20548 | IceCv    | Identified the +5 scale mail "Hise" {Str+2}
 20554 | IceCv    | Upgraded the game from 0.28-a0-664-gc179e30c89 to
                  | 0.28-a0-683-ga8797d1ae1
 21398 | Lair:5   | Found the amulet of Vitality {Regen+ HP+15}
 21487 | Lair:4   | Reached skill level 15 in Fighting
 21736 | Lair:5   | Found the +8 mithril axe "Arga" {speed, Will+}
 21965 | Lair:6   | Entered Level 6 of the Lair of Beasts
 22068 | Lair:5   | Found a runed translucent door.
 22068 | Lair:5   | Found a viscous altar of Jiyva.
 22079 | Lair:5   | Found a staircase to the Slime Pits.
 23180 | Lair:6   | Upgraded the game from 0.28-a0-683-ga8797d1ae1 to
                  | 0.28-a0-687-gb91baff9cc
 23340 | Lair:2   | Identified the +5 great sword "Kobby" {vorpal, rC+++ Dex+4}
 23417 | Spider:1 | Entered Level 1 of the Spider Nest
 23665 | Spider:1 | Noticed Agnes
 23678 | Spider:1 | Killed Agnes
 23887 | Spider:2 | Reached XP level 16. HP: 150/150 MP: 15/15
 24382 | Spider:1 | Reached skill level 16 in Fighting
 24694 | Spider:1 | Got Ymig's Papyrus of Flamy Attacks
 24953 | Spider:2 | Received a gift from Trog
 25256 | Spider:2 | Identified the +1 scale mail of the Vestibule of Hell
                  | {rN+++ Int-5 Dex+6}
 25347 | Spider:2 | Identified the +3 spear of Dismemberment {flame, Dex+9}
 26800 | Spider:3 | Reached skill level 1 in Evocations
 27084 | Spider:4 | Entered Level 4 of the Spider Nest
 27143 | Spider:4 | Received a gift from Trog
 27248 | Spider:4 | Reached skill level 15 in Shields
 27393 | Spider:4 | Paralysed by a hornet for 2 turns
 27438 | Spider:4 | Reached skill level 17 in Fighting
 27475 | Spider:4 | HP: 6/170 [spark wasp (15)]
 27478 | Spider:4 | Reached XP level 17. HP: 37/161 MP: 16/16
 27790 | Spider:4 | Identified Roxanne's Collected Works on Shape Shifting
 27790 | Spider:4 | Noticed Roxanne
 27823 | Spider:4 | Killed Roxanne
 28101 | Spider:4 | Reached skill level 18 in Fighting
 28112 | Spider:4 | Received a gift from Trog
 28133 | Spider:4 | Got a gossamer rune of Zot
 28400 | Shoals:1 | Entered Level 1 of the Shoals
 28528 | Shoals:1 | Identified the +0 animal skin "Nagesch" {rPois rF+}
 28835 | Shoals:1 | Identified the ring "Fis Gigise" {rCorr Slay+6}
 29629 | Shoals:3 | Noticed Polyphemus
 29639 | Shoals:3 | Reached skill level 5 in Stealth
 29643 | Shoals:3 | Reached skill level 19 in Fighting
 29645 | Shoals:3 | Killed Polyphemus
 29912 | Shoals:2 | Got the Almanac of the Mountains
 30117 | Shoals:2 | Upgraded the game from 0.28-a0-687-gb91baff9cc to
                  | 0.28-a0-691-gad6df49e81
 30296 | Shoals:3 | Received a gift from Trog
 30723 | Shoals:4 | Entered Level 4 of the Shoals
 30742 | Shoals:4 | Reached XP level 18. HP: 169/178 MP: 17/17
 31084 | Shoals:4 | Reached skill level 20 in Fighting
 31182 | Shoals:4 | Received a gift from Trog
 32147 | Shoals:4 | Identified the +4 glaive "Backscratcher" {holy, *Noise
                  | rElec rC++ rN+}
 32330 | Shoals:4 | Got a barnacled rune of Zot
 32726 | Slime:1  | Entered Level 1 of the Pits of Slime
 32732 | Slime:1  | Reached skill level 21 in Fighting
 32905 | Slime:2  | Gained mutation: You are frail. (-10% HP) [a shining eye]
 32910 | Slime:2  | Received a gift from Trog
 33450 | Slime:3  | Gained mutation: Your magical capacity is low. (-10% MP) [a
                  | shining eye]
 33888 | Slime:3  | Reached skill level 22 in Fighting
 33906 | Slime:3  | Gained mutation: You are very frail. (-20% HP) [a shining
                  | eye]
 34421 | Slime:4  | Noticed Donald
 34434 | Slime:4  | Killed Donald
 34467 | Slime:4  | Received a gift from Trog
 34520 | Slime:2  | Reached XP level 19. HP: 136/154 MP: 16/16
 35343 | Slime:5  | Entered Level 5 of the Pits of Slime
 36018 | Slime:5  | Noticed the Royal Jelly
 36064 | Slime:5  | Paralysed by a great orb of eyes for 3 turns
 36189 | Slime:5  | Reached skill level 23 in Fighting
 36328 | Slime:5  | Gained mutation: You do not regenerate when monsters are
                  | visible. [a shining eye]
 36708 | Slime:4  | Slain by an acid blob

Illustrated notes

Levels and vault maps discovered:
D:1:      psy_arrival_radial01, layout_rooms
D:2:      layout_basic, uniq_natasha, uniq_terence
D:3:      layout_loops_ring, shapermc_ecumenical_altar_mp_vishouse,
          minmay_goblin_kobold_house, uniq_robin
D:4:      layout_loops_ring, nicolae_hepliaklqana_monster_ancestors, zin_purify,
          serial_shops, kennysheep_little_box
D:5:      layout_basic, roderic_lattice_a, kennysheep_big_empty_room
D:6:      layout_cave_pools, evilmike_ruin_ashenzari,
          minmay_temple_entry_glassed_door, serial_shops,
          nicolae_shop_statue_plus
D:7:      layout_gridville, mainiacjoe_overflow_24_doors, lemuel_tele_altar,
          serial_shops, kennysheep_mini_moat, uniq_crazy_yiuf_cottage
D:8:      layout_basic, st_stairs_10, uniq_joseph
D:9:      layout_cave_pools, mainiacjoe_overflow_divided_tiny, st_stairs_3,
          water_maze_lemuel
D:10:     minmay_polygon_palace, layout_irregular_city, vehumet_altar_wand_db,
          st_stairs_5
D:11:     layout_loops_cross, david_orc_4
D:12:     layout_small_grid
D:13:     minmay_the_grid_octo_tiled_squarecenter_mashed
          [minmay_the_grid_octo_tetromino_candy, minmay_the_grid_octo_odd_swirl,
          minmay_the_grid_octo_77, minmay_the_grid_octo_checkerflower,
          minmay_the_grid_square_5x5_megaprize_open,
          minmay_the_grid_square_5x5_percent,
          minmay_the_grid_square_5x5_two_small, minmay_the_grid_square_5x5_z,
          minmay_the_grid_square_5x5_beaten_path], layout_cave_pools
D:14:     layout_loops_ring, skrybe_vaults_entry_preservation, serial_shops,
          shop, nicolae_shop_window_shopping, shop, uniq_kirke, uniq_azrael
D:15:     hangedman_depths_entry_try_elsewhere_first, layout_long_grid,
          serial_shops, shop_scrolls, grunt_decor_mini_mirrors,
          lightli_corner_chamber
Temple:   zaba_magenta_temple
Lair:1:   layout_loops_ring
Lair:2:   layout_cave_pods, minmay_shoals_entry_centaurs,
          spider_nest_entry_webs, gammafunk_ghost_hive, ice2_lemuel
Lair:3:   layout_cave_pods, enter_volcano_3, fungi_pond_lemuel, minivault_11,
          serial_bayou_shore_b, serial_bayou_shore_a
Lair:4:   layout_loops_ring, gauntlet_entry_generic,
          portal_ice_cave_entry_pillars_1
Lair:5:   layout_hall_layers, slime_altar_2, grunt_megastairs_4
Lair:6:   minmay_lair_end_frog_pond, layout_regular_city,
          infiniplex_staircase_pool
Shoals:1: argonaut_golden_fleece, layout_shoals, nicolae_shoals_secluded_bog
Shoals:2: layout_shoals
Shoals:3: layout_shoals, nicolae_shoals_elemental_ambush, uniq_polyphemus
Shoals:4: shoals_end_grunt_ice, layout_shoals, nicolae_shoals_circle_sea_wall,
          nicolae_shoals_dead_sea_scrolls, uniq_mlioglotl
Spider:1: layout_chambers, nicolae_spider_shape, uniq_agnes
Spider:2: layout_spider_delve, nicolae_spider_moth_buddies
Spider:3: nicolae_spider_hilbert_zone_3 [nicolae_spider_hilbert_4_sides_2_open,
          nicolae_spider_hilbert_3_sides_1_open,
          nicolae_spider_hilbert_3_sides_1_open,
          nicolae_spider_hilbert_3_sides_1_open,
          nicolae_spider_hilbert_3_sides_1_open,
          nicolae_spider_hilbert_4_sides_1_open,
          nicolae_spider_hilbert_4_sides_1_open,
          nicolae_spider_hilbert_4_sides_1_open,
          nicolae_spider_hilbert_4_sides_1_open,
          nicolae_spider_hilbert_4_sides_1_open,
          nicolae_spider_hilbert_4_sides_1_open,
          nicolae_spider_hilbert_4_sides_1_open,
          nicolae_spider_hilbert_4_sides_1_open,
          nicolae_spider_hilbert_3_sides_1_open,
          nicolae_spider_hilbert_3_sides_1_open,
          nicolae_spider_hilbert_3_sides_1_open,
          nicolae_spider_hilbert_3_sides_1_open]
Spider:4: floodkiller_spider_rune_tomb, uniq_roxanne
Slime:1:  layout_caves
Slime:2:  layout_caves
Slime:3:  layout_caves, cheibrodos_slime_lost_civilization_4
Slime:4:  layout_caves, uniq_donald
Slime:5

Skill      XL: |  1  2  3  4  5  6  7  8  9 10 11 12 13 14 15 16 17 18 19 |
---------------+----------------------------------------------------------+-----
Fighting       | 4 5 6 7 9 10 12 13 14 15 17 19 22 23 | 23.3
Axes           | 4 5 6 7 9 11 12 14 | 14.8
Dodging        | 3 4 5 6 |  6.0
Polearms       | 3 4 6 11 12 | 12.1
Armour         | 3 5 6 8 10 11 12 14 15 16 17 18 20 | 20.6
Maces & Flails | 3 6 8 11 12 | 12.1
Throwing       | 3 4 5 6 |  6.2
Stealth        | 1 4 5 6 |  6.1
Shields        | 3 7 9 11 13 15 | 15.0
Evocations     | 2 3 4 |  4.2

Action                   |  1- 3 |  4- 6 |  7- 9 | 10-12 | 13-15 | 16-18 | 19-21 || total
-------------------------+-------+-------+-------+-------+-------+-------+-------++-------
Melee: Hand axe          |    41 |    77 |    21 |   297 |   115 |       |       ||   551
       Headbutt          |     4 |    24 |    66 |   194 |   429 |   383 |    59 ||  1159
       Trident           |       |   124 |     3 |       |  1110 |       |       ||  1237
       Flail             |       |       |   172 |   196 |    17 |       |       ||   385
       Unarmed           |       |       |       |       |     9 |       |       ||     9
       Scimitar          |       |       |       |       |    13 |       |       ||    13
       Broad axe         |       |       |       |       |   249 |  1297 |   147 ||  1693
       Double sword      |       |       |       |       |    21 |       |       ||    21
Throw: Stone             |       |       |    39 |    43 |    26 |       |       ||   108
       Dart              |       |       |       |     9 |    18 |    62 |       ||    89
       Boomerang         |       |       |       |       |       |     5 |       ||     5
Invok: Berserk           |     2 |     4 |     3 |     9 |     7 |     2 |     4 ||    31
       Trog's Hand       |       |     1 |     1 |     4 |    10 |    12 |     5 ||    33
       Brothers in Arms  |       |       |       |     2 |     3 |     5 |     1 ||    11
Evoke: Wand              |       |       |       |       |     1 |    29 |       ||    30
       Piece from Xom's  |       |       |       |       |       |    25 |       ||    25
  Use: Scroll            |       |       |       |    11 |    25 |     2 |     1 ||    39
       Potion            |       |       |       |       |       |     2 |     1 ||     3
 Stab: Petrified         |       |       |       |     2 |     4 |    12 |       ||    18
       Petrifying        |       |       |       |       |     3 |       |       ||     3
       Distracted        |       |       |       |       |       |     3 |       ||     3
       Paralysed         |       |       |       |       |       |     4 |       ||     4
       Held in net/web   |       |       |       |       |       |     3 |       ||     3
Armor: Animal skin       |    10 |    10 |       |       |       |       |       ||    20
       Scale mail        |       |    38 |     3 |       |       |       |       ||    41
       Plate armour      |       |       |   141 |   362 |    16 |       |       ||   519
       Chain mail        |       |       |     1 |       |       |       |       ||     1
       Crystal plate arm |       |       |       |       |  1024 |   883 |   102 ||  2009
Dodge: Dodged            |    27 |   124 |   129 |   206 |   358 |   356 |    41 ||  1241
Block: Kite shield       |       |       |       |   210 |   898 |   721 |    66 ||  1895

Table legend: (Time is in decaauts)
 A = Elapsed time spent in this place.
 B = Non-inter-level travel time spent in this place.
 C = Inter-level travel time spent in this place.
 D = Time resting spent in this place.
 E = Time spent auto-exploring this place.
 F = Levels seen in this place.
 G = Mean time per level.
                   A        B        C        D        E       F      G
               +--------+--------+--------+--------+--------+-----+--------+
         Total |  36077 |  33514 |   2563 |   1676 |  17993 |  38 |  949.4 |
       Dungeon |  15648 |  14526 |   1122 |    506 |   9231 |  15 | 1043.2 |
        Temple |     73 |     55 |     18 |      0 |     50 |   1 |   73.0 |
          Lair |   6346 |   5683 |    663 |    111 |   3579 |   6 | 1057.7 |
        Shoals |   3965 |   3618 |    347 |    218 |    972 |   4 |  991.2 |
   Spider Nest |   4641 |   4415 |    226 |    142 |   2558 |   4 | 1160.2 |
    Slime Pits |   3854 |   3669 |    185 |    698 |   1297 |   5 |  770.8 |
      Ice Cave |    755 |    755 |      0 |      0 |    305 |   1 |  755.0 |
       Volcano |    468 |    468 |      0 |      0 |      0 |   1 |  468.0 |
      Gauntlet |    323 |    323 |      0 |      0 |      0 |   1 |  323.0 |
               +--------+--------+--------+--------+--------+-----+--------+

Top non-repeatable levels by time:
  Lair:2: 1455 daAuts
Spider:3: 1400 daAuts
  Lair:3: 1372 daAuts
     D:5: 1331 daAuts
     D:2: 1303 daAuts
    D:10: 1242 daAuts
Spider:1: 1217 daAuts
    D:15: 1150 daAuts
Shoals:3: 1119 daAuts
     D:3: 1115 daAuts
 Slime:4: 1112 daAuts
    D:14: 1081 daAuts
Shoals:4: 1073 daAuts
    D:11: 1072 daAuts
     D:8: 1071 daAuts
